3A
WASHINGTON GENERALS @ MT. VERNON BULLS
08/01/2023
 
TOP OF THE 1ST
Washington Generals batting - Pitching for Mt. Vernon Bulls : RHP Chin Cho
Pitching: RHP Chin Cho
Batting: RHB Iván Rodríguez 0-0: Ball
1-0: Ground out 5-3 (Groundball, 5S)
Batting: LHB Michael Whorton 0-0: Called Strike
0-1: Ball
1-1: Foul Ball, location: 2F
1-2: Fly out, F8 (Flyball, 8LM)
Batting: RHB Carlos Correa 0-0: Ball
1-0: Swinging Strike
1-1: Ball
2-1: Ball
3-1: Base on Balls
Batting: RHB Britt Lynch 0-0: Ball
1-0: Called Strike
Carlos Correa is caught stealing 2nd base
Top of the 1st over - 0 run(s), 0 hit(s), 0 error(s), 0 left on base; Washington 0 - Mt. Vernon 0
BOTTOM OF THE 1ST
Mt. Vernon Bulls batting - Pitching for Washington Generals : RHP Pedro Martínez
Pitching: RHP Pedro Martínez
Batting: LHB Miguel García 0-0: Ball
1-0: Called Strike
1-1: Ball
2-1: Foul Ball, location: 2F
2-2: Ball
3-2: Foul Ball, location: 2F
3-2: Ground out 1-3 (Groundball, 15S)
Batting: RHB Alfonso Bocanegra 0-0: Ball
1-0: Called Strike
1-1: Ground out 6-3 (Groundball, 6)
Batting: SHB Ricardo Pérez 0-0: Foul Ball, location: 2F
0-1: Ball
1-1: Ball
2-1: Called Strike
2-2: Ball
3-2: Foul Ball, location: 2F
3-2: Foul Ball, location: 2F
3-2: Ground out 1-3 (Groundball, 25)
Bottom of the 1st over - 0 run(s), 0 hit(s), 0 error(s), 0 left on base; Washington 0 - Mt. Vernon 0
TOP OF THE 2ND
Washington Generals batting - Pitching for Mt. Vernon Bulls : RHP Chin Cho
Batting: RHB Britt Lynch 0-0: Ball
1-0: Foul Ball, location: 2F
1-1: Swinging Strike
1-2: Ball
2-2: Foul Ball, location: 2F
2-2: Ball
3-2: Strikes out swinging
Batting: SHB Carlos Alicea 0-0: Ball
1-0: Called Strike
1-1: Ball
2-1: Ball
3-1: Fly out, F8 (Popup, 6MD)
Batting: RHB Jim Unknown 0-0: Foul Ball, location: 2F
0-1: Ground out 5-3 (Groundball, 5L)
Top of the 2nd over - 0 run(s), 0 hit(s), 0 error(s), 0 left on base; Washington 0 - Mt. Vernon 0
BOTTOM OF THE 2ND
Mt. Vernon Bulls batting - Pitching for Washington Generals : RHP Pedro Martínez
Batting: LHB Álex Ramírez 0-0: Ball
1-0: Foul Ball, location: 2F
1-1: Ball
2-1: Ball
3-1: Base on Balls
Batting: RHB Jorge Miranda 0-0: Foul Ball, location: 2F
0-1: Ball
1-1: Ball
2-1: Called Strike
2-2: Strikes out swinging
Batting: RHB Carlos Vega 0-0: Called Strike
0-1: Fly out, F8 (Flyball, 8LM)
Batting: RHB Guy Mussi 0-0: Ground out 6-3 (Groundball, 6S)
Bottom of the 2nd over - 0 run(s), 0 hit(s), 0 error(s), 1 left on base; Washington 0 - Mt. Vernon 0
TOP OF THE 3RD
Washington Generals batting - Pitching for Mt. Vernon Bulls : RHP Chin Cho
Batting: RHB Jenkins Hall 0-0: Called Strike
0-1: Ground out 5-3 (Groundball, 56)
Batting: RHB Tim Lehman 0-0: Ball
1-0: Called Strike
1-1: Swinging Strike
1-2: Strikes out looking
Batting: RHB Andy Moore 0-0: Swinging Strike
0-1: Swinging Strike
0-2: Ground out 5-3 (Groundball, 56S)
Top of the 3rd over - 0 run(s), 0 hit(s), 0 error(s), 0 left on base; Washington 0 - Mt. Vernon 0
BOTTOM OF THE 3RD
Mt. Vernon Bulls batting - Pitching for Washington Generals : RHP Pedro Martínez
Batting: RHB Franklin Gestel 0-0: Called Strike
0-1: Foul Ball, location: 2F
0-2: Ball
1-2: Ball
2-2: Ball
3-2: Strikes out swinging
Batting: LHB Count Dante 0-0: Ball
1-0: Called Strike
1-1: Ball
2-1: Ball
3-1: Base on Balls
Batting: LHB Miguel García 0-0: Ball
1-0: Called Strike
1-1: Called Strike
1-2: Strikes out swinging
Batting: RHB Alfonso Bocanegra 0-0: Ball
1-0: Ball
2-0: Foul Ball, location: 2F
2-1: Swinging Strike
2-2: Strikes out looking
Bottom of the 3rd over - 0 run(s), 0 hit(s), 0 error(s), 1 left on base; Washington 0 - Mt. Vernon 0
TOP OF THE 4TH
Washington Generals batting - Pitching for Mt. Vernon Bulls : RHP Chin Cho
Batting: RHB Iván Rodríguez 0-0: Called Strike
0-1: Called Strike
0-2: Foul Ball, location: 2F
0-2: Foul Ball, location: 2F
0-2: Ball
1-2: Strikes out looking
Batting: LHB Michael Whorton 0-0: Bunted foul
0-1: Foul Ball, location: 2F
0-2: Ball
1-2: Foul Ball, location: 2F
1-2: Ball
2-2: Foul Ball, location: 2F
2-2: Foul Ball, location: 2F
2-2: Strikes out looking
Batting: RHB Carlos Correa 0-0: Ground out 5-3 (Groundball, 5)
Top of the 4th over - 0 run(s), 0 hit(s), 0 error(s), 0 left on base; Washington 0 - Mt. Vernon 0
BOTTOM OF THE 4TH
Mt. Vernon Bulls batting - Pitching for Washington Generals : RHP Pedro Martínez
Batting: SHB Ricardo Pérez 0-0: Ball
Single, Error in OF, E9, batter to second base
Batting: LHB Álex Ramírez 0-0: Intentional Walk
Batting: RHB Jorge Miranda 0-0: Fly out, F8 (Flyball, 8RM)
Batting: RHB Carlos Vega 0-0: Called Strike
0-1: Ball
1-1: Called Strike
1-2: Ball
2-2: Strikes out swinging
Batting: RHB Guy Mussi 0-0: Ball
1-0: Called Strike
1-1: Called Strike
1-2: Fielders Choice at 2nd, U4 (Groundball, 4M)
Bottom of the 4th over - 0 run(s), 1 hit(s), 1 error(s), 2 left on base; Washington 0 - Mt. Vernon 0
TOP OF THE 5TH
Washington Generals batting - Pitching for Mt. Vernon Bulls : RHP Chin Cho
Batting: RHB Britt Lynch 0-0: Called Strike
0-1: Swinging Strike
0-2: Ball
1-2: Strikes out swinging
Batting: SHB Carlos Alicea 0-0: Ground out 1-3 (Groundball, 23)
Batting: RHB Jim Unknown 0-0: Ball
1-0: Foul Ball, location: 2F
1-1: Ball
2-1: Called Strike
2-2: Foul Ball, location: 2F
2-2: Ball
3-2: Foul Ball, location: 2F
3-2: Foul Ball, location: 2F
3-2: Strikes out looking
Top of the 5th over - 0 run(s), 0 hit(s), 0 error(s), 0 left on base; Washington 0 - Mt. Vernon 0
BOTTOM OF THE 5TH
Mt. Vernon Bulls batting - Pitching for Washington Generals : RHP Pedro Martínez
Batting: RHB Franklin Gestel 0-0: Ball
1-0: Ground out 6-3 (Groundball, 6)
Batting: LHB Count Dante 0-0: Ball
1-0: Ball
2-0: Foul Ball, location: 2F
2-1: Foul Ball, location: 2F
2-2: DOUBLE (Line Drive, 7LD)
Pitching: RHP Denilde Padez
Batting: LHB Miguel García 0-0: Ball
1-0: Foul Ball, location: 2F
1-1: Fly out, F7 (Flyball, 78M)
Batting: RHB Alfonso Bocanegra 0-0: Called Strike
0-1: Swinging Strike
0-2: Ball
1-2: Ball
2-2: Ball
3-2: Strikes out looking
Bottom of the 5th over - 0 run(s), 1 hit(s), 0 error(s), 1 left on base; Washington 0 - Mt. Vernon 0
TOP OF THE 6TH
Washington Generals batting - Pitching for Mt. Vernon Bulls : RHP Chin Cho
Batting: RHB Jenkins Hall 0-0: Ball
1-0: Ground out 5-3 (Groundball, 56)
Batting: RHB Tim Lehman 0-0: Foul Ball, location: 2F
0-1: Ball
1-1: Swinging Strike
1-2: SINGLE (Line Drive, 8RS)
Pitching: RHP Pedro Poey
Batting: RHB Andy Moore 0-0: Ball
Tim Lehman is caught stealing 2nd base
1-0: Foul Ball, location: 2F
1-1: Called Strike
1-2: Ball
2-2: Ground out 6-3 (Groundball, 6S)
Top of the 6th over - 0 run(s), 1 hit(s), 0 error(s), 0 left on base; Washington 0 - Mt. Vernon 0
BOTTOM OF THE 6TH
Mt. Vernon Bulls batting - Pitching for Washington Generals : RHP Denilde Padez
Batting: SHB Ricardo Pérez 0-0: Ball
1-0: Swinging Strike
1-1: Called Strike
1-2: Ball
2-2: Ground out 4-3 (Groundball, 34)
Batting: LHB Álex Ramírez 0-0: Ball
1-0: Fly out, F6 (Popup, 6D)
Batting: RHB Jorge Miranda 0-0: Ball
1-0: Called Strike
1-1: Ball
2-1: SINGLE (Groundball, 5D)
Batting: RHB Carlos Vega 0-0: Called Strike
0-1: Ball
1-1: Ball
2-1: Called Strike
2-2: Foul Ball, location: 2F
2-2: Foul Ball, location: 2F
2-2: Ground out 6-3 (Groundball, 56)
Bottom of the 6th over - 0 run(s), 1 hit(s), 0 error(s), 1 left on base; Washington 0 - Mt. Vernon 0
TOP OF THE 7TH
Washington Generals batting - Pitching for Mt. Vernon Bulls : RHP Pedro Poey
Batting: RHB Iván Rodríguez 0-0: Called Strike
0-1: SINGLE (Groundball, 56)
Batting: LHB Michael Whorton 0-0: Sac Bunt - play at first, batter OUT! 5-4
Iván Rodríguez to second
Batting: RHB Carlos Correa 0-0: Called Strike
0-1: Foul Ball, location: 2F
0-2: Ground out 6-3 (Groundball, 6)
Batting: RHB Britt Lynch 0-0: Ball
1-0: Called Strike
1-1: Foul Ball, location: 2F
1-2: Ground out 6-3 (Groundball, 6)
Top of the 7th over - 0 run(s), 1 hit(s), 0 error(s), 1 left on base; Washington 0 - Mt. Vernon 0
BOTTOM OF THE 7TH
Mt. Vernon Bulls batting - Pitching for Washington Generals : RHP Denilde Padez
Batting: RHB Guy Mussi 0-0: Ball
1-0: Fly out, F8 (Flyball, 78S)
Pinch Hitting: RHB Jesús Villalba 0-0: Ground out 6-3 (Groundball, 56)
Batting: LHB Count Dante 0-0: Foul Ball, location: 2F
0-1: Swinging Strike
0-2: Strikes out swinging
Bottom of the 7th over - 0 run(s), 0 hit(s), 0 error(s), 0 left on base; Washington 0 - Mt. Vernon 0
TOP OF THE 8TH
Washington Generals batting - Pitching for Mt. Vernon Bulls : RHP Pedro Poey
Now at SS: Wilson Aguilera
Batting: SHB Carlos Alicea 0-0: Fly out, F9 (Flyball, 89S)
Pinch Hitting: RHB Alejandro Márquez 0-0: Foul Ball, location: 2F
0-1: Reached on error, E5 (Groundball, 5)
Batting: RHB Jenkins Hall 0-0: Called Strike
0-1: Foul Ball, location: 2F
0-2: Ball
1-2: Ball
2-2: Foul Ball, location: 2F
2-2: Ball
3-2: SINGLE (Groundball, 56D)
Alejandro Márquez to second
Pinch Hitting: RHB Jim Unknown 0-0: Called Strike
0-1: Swinging Strike
0-2: SINGLE (Line Drive, 6MD)
Alejandro Márquez to third
Jenkins Hall to second
Runner from 3rd tries for Home, SAFE, no throw or cutoff
Batting: RHB Andy Moore 0-0: Ball
1-0: Swinging Strike
1-1: Swinging Strike
1-2: Ball
2-2: Strikes out swinging
Batting: RHB Iván Rodríguez 0-0: Called Strike
0-1: Ball
1-1: Ball
2-1: Ball
3-1: Base on Balls
Jenkins Hall to third
Jim Unknown to second
Batting: LHB Michael Whorton 0-0: Called Strike
0-1: SINGLE (Line Drive, 8LS)
Jenkins Hall scores
Jim Unknown to third
Iván Rodríguez to second
Runner from 3rd tries for Home, throw and OUT!
Top of the 8th over - 2 run(s), 3 hit(s), 1 error(s), 2 left on base; Washington 2 - Mt. Vernon 0
BOTTOM OF THE 8TH
Mt. Vernon Bulls batting - Pitching for Washington Generals : RHP Denilde Padez
Now in LF: Jim Unknown
Now in RF: Alejandro Márquez
Batting: LHB Miguel García 0-0: Ball
1-0: Ball
2-0: Foul Ball, location: 2F
2-1: Swinging Strike
2-2: Foul Ball, location: 2F
2-2: Strikes out swinging
Batting: RHB Alfonso Bocanegra 0-0: Foul Ball, location: 2F
0-1: Foul Ball, location: 2F
0-2: Ball
1-2: SINGLE (Line Drive, 4D)
Pitching: LHP Thomas McGinnis
Batting: SHB Ricardo Pérez 0-0: Ball
1-0: Grounds into double play, 5-4-3 (Groundball, 5)
Bottom of the 8th over - 0 run(s), 1 hit(s), 0 error(s), 0 left on base; Washington 2 - Mt. Vernon 0
TOP OF THE 9TH
Washington Generals batting - Pitching for Mt. Vernon Bulls : RHP Pedro Poey
Pitching: RHP Marc Morgan
Batting: RHB Carlos Correa 0-0: Swinging Strike
0-1: Foul Ball, location: 2F
0-2: Ball
1-2: Strikes out looking
Batting: RHB Britt Lynch 0-0: Ball
1-0: DOUBLE (Line Drive, 7LS)
Batting: SHB Carlos Alicea 0-0: Called Strike
0-1: Ground out U3 (Groundball, 3S)
Britt Lynch to third
Batting: RHB Alejandro Márquez 0-0: Called Strike
0-1: Ball
1-1: Called Strike
1-2: Ball
2-2: SINGLE (Line Drive, 56D)
Britt Lynch scores
Batting: RHB Jenkins Hall 0-0: Called Strike
0-1: Hit by Pitch
Alejandro Márquez to second
Batting: RHB Jim Unknown 0-0: Reached on error, E5 (Groundball, 56)
Alejandro Márquez to third
Jenkins Hall to second
Batting: RHB Andy Moore 0-0: Fielders Choice at 2nd, U4 (Groundball, 4M)
Top of the 9th over - 1 run(s), 2 hit(s), 1 error(s), 3 left on base; Washington 3 - Mt. Vernon 0
BOTTOM OF THE 9TH
Mt. Vernon Bulls batting - Pitching for Washington Generals : LHP Thomas McGinnis
Pitching: RHP Brooks Dempsey
Batting: LHB Álex Ramírez 0-0: Ball
1-0: Ball
2-0: Called Strike
2-1: Foul Ball, location: 2F
2-2: Ball
3-2: Base on Balls
Batting: RHB Jorge Miranda 0-0: Ball
1-0: Foul Ball, location: 2F
1-1: Foul Ball, location: 2F
1-2: Ball
2-2: Ball
3-2: SINGLE (Line Drive, 6MD)
Álex Ramírez to second
Álex Ramírez to third
Pinch Hitting: LHB Jim Unknown 0-0: Ball
Passed Ball!
Álex Ramírez scores
Jorge Miranda to second
1-0: Called Strike
1-1: Ball
2-1: Foul Ball, location: 2F
2-2: Fly out, F9 (Line Drive, 89XD)
Runner from 2nd tags up, SAFE at 3rd, no throw
Batting: RHB Guy Mussi 0-0: Fly out, F3 (Line Drive, 34)
Pinch Hitting: LHB Andrés Rico 0-0: Swinging Strike
0-1: Foul Ball, location: 2F
0-2: Ball
1-2: Strikes out swinging
Bottom of the 9th over - 1 run(s), 1 hit(s), 0 error(s), 1 left on base; Washington 3 - Mt. Vernon 1
This league is powered by Out of the Park Baseball, the baseball management simulation game for PC, Mac and Linux
Friday, July 8th, 2016 - OOTP Baseball 16.9 Build 39